 Dungeon Crawl Stone Soup version 0.28.0 (webtiles) character file.

Game seed: 17177962977214809225

159 browni3141 the Skirmisher (level 5, 0/47 HPs)
             Began as a Minotaur Berserker on Feb 10, 2022.
             Was a Believer of Trog.
             Slain by an orc wizard (1 damage)
             ... on level 4 of the Dungeon.
             The game lasted 00:01:38 (2810 turns).

browni3141 the Skirmisher (Minotaur Berserker)      Turns: 2810, Time: 00:01:39

Health: 0/47       AC: 10    Str: 23    XL:     5   Next: 17%
Magic:  4/4        EV:  9    Int:  4    God:    Trog [**....]
Gold:   85         SH:  0    Dex: 10    Spells: 4/4 levels left

rFire   . . .      SeeInvis .   a - +0 hand axe
rCold   . . .      Faith    .   (no shield)
rNeg    . . .      Spirit   .   c - +0 chain mail
rPois   .          Reflect  .   (helmet restricted)
rElec   .          Harm     .   (no cloak)
rCorr   .          Rampage  .   (no gloves)
Will    .....                   d - +0 pair of boots
Stlth   ..........              (no amulet)
HPRegen 0.15/turn               (no ring)
MPRegen 0.09/turn               (no ring)

@: on berserk cooldown, slowed, very slow
A: horns 2, retaliatory headbutt
a: Renounce Religion, Berserk, Trog's Hand


You were on level 4 of the Dungeon.
You worshipped Trog.
Trog was pleased with you.
You visited 1 branch of the dungeon, and saw 4 of its levels.

You collected 85 gold pieces.

Inventory:

Hand Weapons
 a - a +0 hand axe (weapon)
Armour
 b - a +0 animal skin
 c - a +0 chain mail (worn)
 d - a +0 pair of boots (worn)
Jewellery
 g - the ring of Geijall {rF- rN+ Int+7}
   (You found it on level 2 of the Dungeon)

   [ring of positive energy]

   Int:       It affects your intelligence (+7).
   rF:        It makes you vulnerable to fire.
   rN:        It protects you from negative energy.
Wands
 j - a wand of iceblast (6)
Potions
 e - a potion of attraction {unknown}
 f - a potion of brilliance {unknown}
 h - a potion of might {unknown}
 i - a potion of flight {unknown}


   Skills:
 + Level 4.6 Fighting
 + Level 4.6 Axes
 + Level 3.7 Armour
 + Level 3.3 Dodging
 * Level 1.1 Evocations


You had 4 spell levels left.
You didn't know any spells.
Your spell library was empty.

Dungeon Overview and Level Annotations

Branches:
Dungeon (4/15)             Temple (0/1) D:4

Altars:
Kikubaaqudgha


Innate Abilities, Weirdness & Mutations

You have a pair of horns on your head.
You reflexively headbutt those who attack you in melee.


Message History

You have reached level 5!
Something hits you.
Things that are here:
a +0 club; a +0 leather armour; a ball python corpse A kobold comes into view.
It is wielding a +0 short sword.
The kobold shouts!
You hear some strange, mumbled words.
A puff of flame appears from out of thin air!
The puff of flame hits you.
* * * LOW HITPOINT WARNING * * *
You hear some strange, mumbled words.
A puff of flame appears from out of thin air!
The puff of flame hits you!
* * * LOW HITPOINT WARNING * * *
Things that are here:
a +0 club; a +0 leather armour; an orc corpse Something hits you but does no damage.
Items here: )) [[ ††.
You miss something.
You feel the effects of Trog's Hand fading.
Something completely misses you. Something hits you but does no damage.
You miss something. You hit the kobold but do no damage.
The kobold hits you with a +0 short sword.
* * * LOW HITPOINT WARNING * * *
You hear some strange, mumbled words.
A puff of flame appears from out of thin air!
The puff of flame hits you.
* * * LOW HITPOINT WARNING * * *
The kobold hits you but does no damage.
Unknown command.
You closely miss the kobold. You headbutt the kobold.
You kill the kobold!
Trog accepts your kill.
You barely miss something. Something hits you.
* * * LOW HITPOINT WARNING * * *
Something hits you but does no damage.
Unknown command.
You miss something.
Your skin stops crawling.
You feel less strong-willed. Something hits you but does no damage.
Something hits you.
You die...

≈§>≈§≈.# #.).......#..# #.
§≈≈§≈≈.###...........<##..
≈≈§≈≈...###.#.............
.≈≈≈...##.................
.......<#.................
.......##.#...............
......>...##....)......>..
.........###....))........
...#.....##..#..@)..#.....
.........#.....){#..# ....
#........##........†# ...
....##....#.#...#.........
.... ....#...#..##.....#..
... #....##.##.........#
... ... ......# #.
.............
...##..#.......


There were no monsters in sight!

Vanquished Creatures
  A jelly (D:4)
  A hound (D:4)
  3 adders
  2 worms
  2 dart slugs (D:2)
  5 orcs (D:4)
  5 bats
  4 endoplasms
  2 giant cockroaches (D:3)
  5 goblins
  4 hobgoblins
  6 kobolds
  2 quokkas
  10 ball pythons
  2 frilled lizards (D:1)
  6 rats
60 creatures vanquished.

Notes
Turn   | Place    | Note
-------+----------+-------------------------------------------
     0 | D:1      | browni3141 the Minotaur Berserker began the quest for the
                  | Orb.
     0 | D:1      | Reached XP level 1. HP: 19/19 MP: 0/0
   359 | D:1      | Reached XP level 2. HP: 27/27 MP: 1/1
   386 | D:1      | Found a faded altar of an unknown god.
  1193 | D:2      | Reached XP level 3. HP: 29/33 MP: 2/2
  1370 | D:2      | Reached ** piety under Trog
  1389 | D:2      | Identified the ring of Geijall {rF- rN+ Int+7}
  1589 | D:2      | Found an ancient bone altar of Kikubaaqudgha.
  2071 | D:3      | Reached XP level 4. HP: 35/41 MP: 3/3
  2743 | D:4      | Found a staircase to the Ecumenical Temple.
  2804 | D:4      | Reached skill level 1 in Evocations
  2804 | D:4      | Reached XP level 5. HP: 19/47 MP: 4/4
  2809 | D:4      | HP: 1/47 [something (4)]
  2810 | D:4      | Slain by an orc wizard

Illustrated notes

Levels and vault maps discovered:
D:1:      lightli_arrival_statue_moat, layout_loops_ring,
          shapermc_ecumenical_altar_pompeii, minmay_misc_feat_doors,
          nicolae_figureground_pulse
D:2:      layout_loops_corners, basic_altar, grunt_ministairs_10,
          minmay_misc_feat_pillars, minmay_misc_feat_room, st_stairs_4,
          bh_walls_and_bars
D:3:      layout_basic
D:4:      layout_cave_pools, mainiacjoe_overflow_catch_the_wave,
          nicolae_gozag_zags_fifth_avenue, nzn_wu_jian_contemplation,
          minmay_temple_entry_mist

Skill      XL: |  1  2  3  4 |
---------------+-------------+-----
Fighting       | 4 |  4.6
Axes           | 4 |  4.6
Armour         | 3 |  3.7
Dodging        | 3 |  3.3
Evocations     | 1 |  1.1

Action                   |  1- 3 |  4- 6 || total
-------------------------+-------+-------++-------
Melee: Hand axe          |    85 |    40 ||   125
       Headbutt          |    11 |     8 ||    19
       Punch             |       |     1 ||     1
Invok: Berserk           |       |     1 ||     1
       Trog's Hand       |       |     1 ||     1
Armor: Chain mail        |    42 |    29 ||    71
       Animal skin       |     1 |       ||     1
Dodge: Dodged            |    35 |    24 ||    59
